 Dungeon Crawl Stone Soup version 0.31-a0-744-gbc345e7fcb (webtiles) character file.

Game seed: 7759411199884553357

373 CowFu the Ruffian (level 6, -2/53 (62) HPs)
             Began as a Troll Enchanter on Sept 13, 2023.
             Slain by a wight
             ... wielding a +0 scimitar
              (12 damage)
             ... on level 4 of the Dungeon.
             The game lasted 00:02:53 (2236 turns).

CowFu the Ruffian (Troll Enchanter)                 Turns: 2236, Time: 00:02:54

HP:   -2/53 (62)    AC:  5    Str: 19    XL:     6   Next: 43%
MP:   6/6           EV:  9    Int: 11    God:
Gold: 159           SH:  0    Dex: 10    Spells: 7/7 levels left

rFire   . . .        n - +4 quarterstaff (chaos)
rCold   . . .        (shield currently unavailable)
rNeg    . . .        b - +0 robe
rPois   .            (helmet restricted)
rElec   .            o - +0 cloak {rCorr}
rCorr   +            (gloves unavailable)
SInv    .            (boots unavailable)
Will    .....        (no amulet)
Stlth   ++           (no ring)
HPRegen 1.08/turn    (no ring)
MPRegen 0.10/turn

%: no passive effects
@: heavily drained, invisible
A: large, unfitting armour, claws 3, regeneration 1, shaggy fur 1, tough skin 1
a: no special abilities


You were on level 4 of the Dungeon.
You visited 1 branch of the dungeon, and saw 4 of its levels.
You also visited: Sewer.

You collected 159 gold pieces.

Inventory:

Hand Weapons
 n - a +4 quarterstaff of chaos (weapon)
Armour
 b - a +0 robe (worn)
 o - a +0 cloak of preservation (worn)
Talismans
 l - a maw talisman
Scrolls
 g - a scroll of fear {unknown}
 h - a scroll of blinking {unknown}
 i - a scroll of amnesia {unknown}
 j - a scroll of vulnerability {unknown}
 k - 3 scrolls of identify {unknown}
 m - a scroll of brand weapon {unknown}
Potions
 a - a potion of magic {unknown}
 c - 2 potions of invisibility
 d - a potion of brilliance {unknown}
 f - a potion of lignification {unknown}


   Skills:
 + Level 3.6 Fighting
 - Level 0.7 Short Blades
 - Level 1.5 Dodging
 - Level 1.5 Stealth
 + Level 4.5 Unarmed Combat
 - Level 1.2 Spellcasting
 - Level 2.0 Hexes


You had 7 spell levels left.
You didn't know any spells.
Your spell library contained the following spells:

 Spells                   Type           Power      Damage    Failure   Level
 Apportation              Tloc           0%         N/A       32%         1
 Necrotise                Necr           0%         1d4       32%         1
 Summon Small Mammal      Summ           0%         N/A       32%         1
 Ensorcelled Hibernation  Hex/Ice        4%         N/A       32%         2
 Confusing Touch          Hex            5%         N/A       38%         3
 Tukima's Dance           Hex            5%         N/A       38%         3
 Dazzling Flash           Conj/Hex       4%         N/A       54%         3


Dungeon Overview and Level Annotations

Branches:
Dungeon (4/15)              Sewer (visited)
 Temple: D:4-7

Altars:


Innate Abilities, Weirdness & Mutations

You are too large for most types of armour.
You have claws for hands.
Your natural rate of healing is unusually fast.
You are covered in fur. (AC +1)
You have tough skin. (AC +1)


Message History

The wight is heavily damaged.
The wight hits you with a +3 short sword.
You feel drained.
You hit the wight.
The wight easily resists.
The wight is severely damaged.
The wight hits you with a +3 short sword!
You feel drained.
The wight hits you with a +3 short sword!
* * * LOW HITPOINT WARNING * * *
You feel drained.
You are too injured to fight recklessly!
You are too injured to fight recklessly!
You are too injured to fight recklessly!
You are too injured to fight recklessly!
You are too injured to fight recklessly!
You are too injured to fight recklessly!
You are too injured to fight recklessly!
You are too injured to fight recklessly!
You are too injured to fight recklessly!
You are too injured to fight recklessly!
You are too injured to fight recklessly!
You are too injured to fight recklessly!
You are too injured to fight recklessly!
You are too injured to fight recklessly!
You are too injured to fight recklessly!
You are too injured to fight recklessly!
You are too injured to fight recklessly!
You are too injured to fight recklessly!
You are too injured to fight recklessly!
You hit the wight.
The wight is almost destroyed.
The wight hits you with a +3 short sword.
* * * LOW HITPOINT WARNING * * *
You feel drained.
* * * LOW HITPOINT WARNING * * *
You hit the wight.
You destroy the wight!
You fade into invisibility!
The wight hits you with a +0 scimitar!
You die...

...# #......# ....##
....###..##.. #......
........###.. ##......|
#......<.##.# ##........
.........#..####zz##.....
.##....#....##..z## ..#
##....#......### #
##...##...z####
##........zz@#
##.###.###### #.## ##.#
## #.# ###


You could see 3 wights.

Vanquished Creatures
  A water moccasin (Sewer)
  A wight (D:4)
  A hound (D:4)
  Crazy Yiuf (D:3)
  3 orc wizards (D:3)
  2 adders (D:3)
  A dart slug (D:1)
  2 worms (D:3)
  2 orcs (D:3)
  4 ball pythons
  5 endoplasms
  5 giant cockroaches
  5 goblins
  A hobgoblin (D:1)
  7 jackals
  A kobold (D:1)
  A quokka (D:2)
  6 bats
  5 frilled lizards
  8 rats
62 creatures vanquished.

Notes
Turn   | Place    | Note
-------+----------+-------------------------------------------
     0 | D:1      | CowFu the Troll Enchanter began the quest for the Orb.
     0 | D:1      | Reached XP level 1. HP: 16/16 MP: 1/1
    58 | D:1      | Reached skill level 1 in Unarmed Combat
    60 | D:1      | Reached XP level 2. HP: 23/26 MP: 2/2
   247 | D:1      | Reached skill level 1 in Fighting
   771 | D:2      | Reached XP level 3. HP: 31/33 MP: 3/3
   905 | D:2      | Reached skill level 2 in Unarmed Combat
  1498 | D:3      | Found a glowing drain.
  1522 | Sewer    | Entered a sewer
  1571 | Sewer    | Noticed a water moccasin
  1579 | Sewer    | Killed a water moccasin
  1580 | Sewer    | Reached skill level 3 in Unarmed Combat
  1580 | Sewer    | Reached XP level 4. HP: 28/44 MP: 4/4
  1580 | Sewer    | Reached XP level 5. HP: 32/50 MP: 5/5
  1733 | D:3      | Reached skill level 4 in Unarmed Combat
  1823 | D:3      | Found a runed translucent door.
  1824 | D:3      | Noticed Crazy Yiuf
  1832 | D:3      | Killed Crazy Yiuf
  1833 | D:3      | Reached XP level 6. HP: 30/61 MP: 6/6
  2094 | D:3      | Identified the +1 leather armour "Irrom" {Will+}
  2236 | D:4      | Slain by a wight

Illustrated notes

Levels and vault maps discovered:
D:1:      amcnicky_arrival_double_pillar, layout_basic
D:2:      layout_loops_corners, lightli_corner_chamber
D:3:      layout_basic, cheibrodos_sewer_entry_drain,
          minmay_misc_feat_diagonals, minmay_misc_feat_roman,
          uniq_crazy_yiuf_cottage
D:4:      layout_layer_cave, nicolae_twisty_statue_hallways

Skill      XL: |  1  2  3  4  5 |
---------------+----------------+-----
Unarmed Combat | 1 3 4 |  4.5
Fighting       | 1 2 3 |  3.6
Short Blades   | |  0.7
Dodging        | |  1.5
Stealth        | |  1.5
Spellcasting   | |  1.2
Hexes          | |  2.0

Action                     |  1- 3 |  4- 6 || total
---------------------------+-------+-------++-------
  Melee: Whip              |   135 |    29 ||   164
         Punch             |     1 |       ||     1
         Quarterstaff      |       |    15 ||    15
    Use: Scroll            |     3 |       ||     3
         Potion            |       |     1 ||     1
   Stab: Sleeping          |     3 |       ||     3
 Armour: Robe              |    97 |    49 ||   146
  Dodge: Dodged            |    69 |    18 ||    87

Table legend: (Time is in decaauts)
 A = Elapsed time spent in this place.
 B = Non-inter-level travel time spent in this place.
 C = Inter-level travel time spent in this place.
 D = Time resting spent in this place.
 E = Time spent auto-exploring this place.
 F = Levels seen in this place.
 G = Mean time per level.
                   A        B        C        D        E       F      G
               +--------+--------+--------+--------+--------+-----+--------+
         Total |   2254 |   2186 |     68 |      0 |   1654 |   5 |  450.8 |
       Dungeon |   2148 |   2080 |     68 |      0 |   1594 |   4 |  537.0 |
         Sewer |    106 |    106 |      0 |      0 |     60 |   1 |  106.0 |
               +--------+--------+--------+--------+--------+-----+--------+

Top non-repeatable levels by time:
     D:2: 827 daAuts
     D:3: 641 daAuts
     D:1: 635 daAuts
   Sewer: 106 daAuts
     D:4: 44 daAuts
